 Dungeon Crawl Stone Soup version 0.31-a0-819-gf6de2f5ab6 (webtiles) character file.

Game seed: 16882739439673898462

1342 qw the Skirmisher (level 8, -12/51 HPs)
             Began as a Gargoyle Hunter on Sept 23, 2023.
             Blown up by Pikel (15 damage)
             ... with a mindburst bolt
             ... on level 5 of the Dungeon.
             The game lasted 00:02:34 (3918 turns).

qw the Skirmisher (Gargoyle Hunter)                 Turns: 3918, Time: 00:02:35

Health: -12/51     AC: 14    Str: 14    XL:     8   Next: 62%
Magic:  8/8        EV: 11    Int: 16    God:
Gold:   195        SH:  0    Dex: 13    Spells: 7/7 levels left

rFire   + + .        Y - +0 shortbow
rCold   . . .        (shield currently unavailable)
rNeg    + . .        g - +0 ring mail
rPois   inf          d - +1 helmet "Wipulu" {rF++ Int+5 Dex-2}
rElec   +            (no cloak)
rCorr   .            f - +0 pair of gloves
SInv    +            (no boots)
Will    .....        (no amulet)
Stlth   +            e - ring of see invisible
HPRegen 0.28/turn    (no ring)
MPRegen 0.11/turn

%: no passive effects
@: no status effects
A: sickness immunity, AC +5, negative energy resistance 1, electricity
resistance, torment resistance 1, petrification resistance
a: no special abilities


You were on level 5 of the Dungeon.
You visited 1 branch of the dungeon, and saw 5 of its levels.
You also visited: Ossuary.

You collected 195 gold pieces.


Innate Abilities, Weirdness & Mutations

You are immune to sickness and miasma.
Your stone body is resilient. (AC +5)
You are immune to poison.
You resist negative energy. (rN+)
You are resistant to electric shocks. (rElec)
You are resistant to unholy torment.
You are immune to petrification.


   Skills:
 - Level 6.0 Fighting
 + Level 9.1 Ranged Weapons
 - Level 3.0 Armour
 - Level 2.0 Dodging
 - Level 1.1 Stealth


You had 7 spell levels left.
You didn't know any spells.
Your spell library was empty.

Inventory:

Hand Weapons
 Y - a +0 shortbow (weapon)
Armour
 b - a +0 helmet
 d - the +1 helmet "Wipulu" (worn) {rF++ Int+5 Dex-2}
   (You acquired it on level 3 of the Dungeon)

   Int+5:     It affects your intelligence (+5).
   Dex-2:     It affects your dexterity (-2).
   rF++:      It greatly protects you from fire.
 f - a +0 pair of gloves (worn)
 g - a +0 ring mail (worn)
 l - the +0 ring mail of Tenacity {Drain rElec rN++ Int+2}
   (You found it on level 5 of the Dungeon)

   Int+2:     It affects your intelligence (+2).
   rElec:     It insulates you from electricity.
   rN++:      It greatly protects you from negative energy.
   Drain:     It drains your maximum health when unequipped.
Jewellery
 e - a ring of see invisible (left hand)
 h - a +6 ring of intelligence
 i - a +6 ring of dexterity
Scrolls
 a - 2 scrolls of identify
Potions
 c - a potion of cancellation
 j - a potion of might {unknown}
 k - a potion of mutation {unknown}

Dungeon Overview and Level Annotations

Branches:
Dungeon (5/15)            Ossuary (visited)
 Temple: D:4-7

Altars:
Nemelex Xobeh
Vehumet
Yredelemnul

Annotations:
D:5 Pikel


Message History

You shoot an arrow. The arrow hits the worm!
The worm is almost dead.
You shoot an arrow. The arrow hits the worm!
You kill the worm!
You shoot an arrow. The arrow hits Pikel.
Pikel is moderately wounded.
Pikel hits you but does no damage. x2
You shoot an arrow. The arrow hits Pikel.
Pikel is moderately wounded.
Pikel barely misses you.
You shoot an arrow.
The arrow hits Pikel but does no damage.
Pikel is moderately wounded.
Pikel hits you but does no damage.
You shoot an arrow.
The arrow hits Pikel but does no damage.
Pikel is moderately wounded.
Pikel zaps a wand.
Your mind is blasted!
You shoot an arrow. The arrow hits Pikel.
Pikel is heavily wounded.
Pikel barely misses you.
You shoot an arrow. The arrow hits Pikel.
Pikel is heavily wounded.
Pikel says, "Time is money, and you're costing me too much!"
Pikel misses you.
You shoot an arrow. The arrow barely misses Pikel.
The arrow closely misses the lemure.
Pikel hits you but does no damage.
You shoot an arrow. The arrow hits Pikel.
Pikel is heavily wounded.
Pikel zaps a wand.
Your mind is blasted!
You shoot an arrow.
The arrow hits Pikel but does no damage.
Pikel is heavily wounded.
Pikel hits you but does no damage.
You shoot an arrow. The arrow hits Pikel.
Pikel is heavily wounded.
Pikel zaps a wand.
Your mind is blasted!
You die...
Pikel says, "See you in Hell!"

#.. #### #..........%#
#.. ...#######.#..#.##
..####.##
#............#...
.......!##
#...........#..#
#...######.........# #..#
#...K..............###..#
##..#..##..........##...#
##...####....###..##..##
#..#5K@.....# ##.##..#
........#####.... #.##..#
...#.....# #.##.##.#...#
##...#.#.. #.##.##...#.#
.......##. #.##...#..#.#
####.... .# ..####......#
##.## . ......##...... #.
.####. ....... ..........


You could see Pikel and a lemure.

Vanquished Creatures
  Grinder (D:5)
  Eustachio (D:4)
  An ice beast (D:5)
  3 lemures (D:5)
  A phantom (D:2)
  A bullfrog (D:5)
  A centaur zombie (Ossuary)
  A hound (D:4)
  2 orc priests
  3 human zombies (Ossuary)
  5 iguanas
  Natasha (thrice) (D:4)
  3 orc wizards
  3 hound zombies (Ossuary)
  3 mummies (Ossuary)
  6 adders
  A shadow imp (D:5)
  4 adder zombies (Ossuary)
  A worm (D:5)
  4 dart slugs
  13 orcs
  6 endoplasms
  7 giant cockroaches
  3 gnoll zombies (Ossuary)
  7 goblins
  7 hobgoblins
  5 kobolds
  2 quokkas
  4 ball pythons
  3 bats
  2 frilled lizards (D:1)
  6 goblin zombies (Ossuary)
  4 hobgoblin zombies (Ossuary)
  3 jackal zombies (Ossuary)
  3 kobold zombies (Ossuary)
  An orc zombie (Ossuary)
  11 rats
  5 rat zombies (Ossuary)
140 creatures vanquished.

Notes
Turn   | Place    | Note
-------+----------+-------------------------------------------
     0 | D:1      | qw the Gargoyle Hunter began the quest for the Orb.
     0 | D:1      | Reached XP level 1. HP: 12/12 MP: 1/1
     0 | D:1      | 0 ||| qw: Version: 0.3-a-83-gcd0e7d8
     0 | D:1      | 0 ||| qw: Game counter: 1588
     0 | D:1      | 0 ||| qw: Melee chars always use a shield: true
     0 | D:1      | 0 ||| qw: God list: Okawaru
     0 | D:1      | 0 ||| qw: Allow faded altars: false
     0 | D:1      | 0 ||| qw: Do Orc after clearing Dungeon:15 true
     0 | D:1      | 0 ||| qw: Do second Lair branch before Depths: true
     0 | D:1      | 0 ||| qw: Lair rune preference: random
     0 | D:1      | 0 ||| qw: Goals: Normal
     0 | D:1      | 0 ||| PLANNING D:1-11
   329 | D:1      | Reached XP level 2. HP: 17/17 MP: 2/2
   635 | D:1      | 635 ||| UPGRADING to +0 pair of gloves.
   640 | D:1      | 640 ||| READING 2 scrolls labelled KALEON COMIANT.
   641 | D:1      | 641 ||| READING 2 scrolls labelled GINGEDO LI PUL.
   642 | D:1      | 642 ||| READING scroll labelled OHASSUPLUMA.
   643 | D:1      | 643 ||| READING 2 scrolls labelled PEP GOLURGHU.
   644 | D:1      | 644 ||| READING scroll labelled BEATESKARE.
   649 | D:1      | 649 ||| DROPPING scroll of butterflies.
   650 | D:1      | 650 ||| DROPPING scroll of fog.
   651 | D:1      | 651 ||| DROPPING scroll of poison.
   717 | D:2      | Reached XP level 3. HP: 21/21 MP: 3/3
   723 | D:2      | Reached skill level 5 in Ranged Weapons
   785 | D:2      | Found a radiant altar of Vehumet.
   834 | D:2      | Reached skill level 3 in Fighting
   886 | D:2      | Reached XP level 4. HP: 28/28 MP: 4/4
  1076 | D:2      | 1076 ||| UPGRADING to +0 helmet.
  1081 | D:2      | 1081 ||| UPGRADING to +0 ring mail.
  1091 | D:2      | 1091 ||| DROPPING +0 leather armour.
  1092 | D:2      | 1092 ||| UPGRADING to ring of see invisible.
  1093 | D:2      | 1093 ||| DRINKING 2 white potions.
  1094 | D:2      | 1094 ||| DRINKING 2 amethyst potions.
  1095 | D:2      | 1095 ||| DRINKING 2 bubbling red potions.
  1096 | D:2      | 1096 ||| DRINKING potion of curing.
  1096 | D:2      | 1096 ||| (to cure confusion)
  1097 | D:2      | 1097 ||| READING 2 scrolls of identify.
  1097 | D:2      | 1097 ||| IDENTIFYING coppery potion
  1098 | D:2      | 1098 ||| DROPPING potion of brilliance.
  1099 | D:2      | 1099 ||| DROPPING potion of degeneration.
  1100 | D:2      | 1100 ||| DROPPING potion of ambrosia.
  1109 | D:3      | Noticed a phantom
  1110 | D:3      | 1110 ||| STAIRDANCE
  1117 | D:3      | 1117 ||| STAIRDANCE
  1141 | D:2      | Killed a phantom
  1142 | D:2      | Reached skill level 3 in Armour
  1142 | D:2      | Reached XP level 5. HP: 24/32 MP: 5/5
  1855 | D:3      | 1855 ||| READING scroll labelled ETRIUPSE MUDORGH.
  1855 | D:3      | Identified a scroll of acquirement
  1855 | D:3      | 1855 ||| ACQUIRING +1 helmet "Wipulu" {rF++ Int+5 Dex-2}
  1855 | D:3      | Acquired the +1 helmet "Wipulu" {rF++ Int+5 Dex-2}
  1857 | D:3      | 1857 ||| UPGRADING to +1 helmet "Wipulu" {rF++ Int+5
                  | Dex-2}.
  1901 | D:4      | 1901 ||| PLANNING OSSUARY
  1917 | D:4      | HP: 1/32 [iguana (10)]
  1919 | D:4      | Reached skill level 6 in Ranged Weapons
  1919 | D:4      | Reached XP level 6. HP: 1/37 MP: 6/6
  2095 | D:4      | Found a sand-covered staircase.
  2105 | Ossuary  | Entered an ossuary
  2501 | Ossuary  | Reached XP level 7. HP: 30/43 MP: 7/7
  2683 | Ossuary  | Reached skill level 7 in Ranged Weapons
  2691 | Ossuary  | 2691 ||| READING scroll labelled QYTUEXYXTO.
  2692 | Ossuary  | 2692 ||| DRINKING 2 inky potions.
  2693 | Ossuary  | 2693 ||| READING 2 scrolls of identify.
  2693 | Ossuary  | 2693 ||| IDENTIFYING lumpy blue potion
  2694 | Ossuary  | 2694 ||| DROPPING potion of lignification.
  2705 | D:4      | 2705 ||| PLANNING D:1-11
  2812 | D:4      | Noticed Natasha
  2816 | D:4      | Killed Natasha
  2866 | D:4      | Noticed Eustachio
  2893 | D:4      | 2893 ||| RETREEAATING.
  2895 | D:4      | 2895 ||| Stepping ~*~*~tactically~*~*~ (retreating).
  2898 | D:4      | 2898 ||| STILL RETREEAATING.
  2899 | D:4      | 2899 ||| Stepping ~*~*~tactically~*~*~ (retreating).
  2915 | D:4      | 2915 ||| Stepping ~*~*~tactically~*~*~ (retreating).
  2916 | D:4      | 2916 ||| Stepping ~*~*~tactically~*~*~ (retreating).
  2918 | D:4      | Killed Eustachio
  2919 | D:4      | Reached skill level 8 in Ranged Weapons
  2954 | D:4      | Noticed Natasha
  2960 | D:4      | Killed Natasha
  3012 | D:4      | Found a radiant altar of Vehumet.
  3194 | D:4      | Noticed Natasha
  3202 | D:4      | 3202 ||| Stepping ~*~*~tactically~*~*~ (retreating).
  3203 | D:4      | 3203 ||| Stepping ~*~*~tactically~*~*~ (retreating).
  3204 | D:4      | Killed Natasha
  3326 | D:4      | 3326 ||| DRINKING 2 yellow potions.
  3363 | D:5      | Entered Level 5 of the Dungeon
  3382 | D:5      | Reached XP level 8. HP: 17/50 MP: 8/8
  3437 | D:5      | 3437 ||| FLEEEEING.
  3439 | D:5      | 3439 ||| STAIRDANCE
  3502 | D:5      | Found a sparkling altar of Nemelex Xobeh.
  3504 | D:5      | Noticed Grinder
  3506 | D:5      | 3506 ||| RETREEAATING.
  3507 | D:5      | 3507 ||| STILL RETREEAATING.
  3510 | D:5      | 3510 ||| RETREEAATING.
  3545 | D:5      | HP: 11/50 [Grinder (2)]
  3546 | D:5      | 3546 ||| DRINKING potion of heal wounds.
  3554 | D:5      | Killed Grinder
  3555 | D:5      | Reached skill level 9 in Ranged Weapons
  3668 | D:5      | Reached skill level 6 in Fighting
  3701 | D:5      | Found a basalt altar of Yredelemnul.
  3798 | D:5      | Identified the +0 ring mail of Tenacity {Drain rElec rN++
                  | Int+2}
  3857 | D:5      | Noticed Pikel
  3858 | D:5      | 3858 ||| RETREEAATING.
  3859 | D:5      | 3859 ||| STILL RETREEAATING.
  3860 | D:5      | 3860 ||| STILL RETREEAATING.
  3866 | D:5      | 3866 ||| STILL RETREEAATING.
  3867 | D:5      | 3867 ||| STILL RETREEAATING.
  3871 | D:5      | 3871 ||| Stepping ~*~*~tactically~*~*~ (retreating).
  3873 | D:5      | 3873 ||| Stepping ~*~*~tactically~*~*~ (retreating).
  3916 | D:5      | HP: 2/51 [disintegration (16)]
  3918 | D:5      | Blown up by Pikel

Levels and vault maps discovered:
D:1:      elethiomel_arrival_quiet, layout_loops_ring, minmay_misc_feat_cross
D:2:      layout_rooms, basic_altar
D:3:      layout_basic, minmay_misc_feat_square, grunt_ministairs_6
D:4:      layout_rooms, nicolae_vehumet_altar_sigil, enter_ossuary_1,
          uniq_crazy_yiuf_cottage, uniq_natasha, uniq_eustachio
D:5:      layout_rooms, nemelex_xobeh_ov_fountains_minmay,
          yredelemnul_altar_generic, uniq_pikel, uniq_grinder

Skill      XL: |  1  2  3  4  5  6  7  8 |
---------------+-------------------------+-----
Ranged Weapons | 5 6 8 9 |  9.1
Fighting       | 3 4 5 6 |  6.0
Armour         | 3 |  3.0
Dodging        | 2 |  2.0
Stealth        | |  1.1

Action                     |  1- 3 |  4- 6 |  7- 9 || total
---------------------------+-------+-------+-------++-------
   Fire: Shortbow          |    92 |   330 |   320 ||   742
    Use: Scroll            |     5 |     2 |     2 ||     9
         Potion            |       |     4 |     3 ||     7
 Armour: Leather armour    |    24 |     3 |       ||    27
         Ring mail         |       |   158 |   190 ||   348
  Dodge: Dodged            |    23 |   114 |   129 ||   266

Table legend:
 A = Non-vault XP
 B = Vault XP
 C = Vault XP percentage of total XP
 D = Non-vault monster count
 E = Vault monster count
 F = Vault count percentage of total count
                 A         B        C        D         E       F
            +---------+---------+-------+---------+---------+-------
      Total |    1048 |     870 |  45.4 |      93 |      44 |  32.1
            +---------+---------+-------+---------+---------+-------
        D:1 |      23 |       0 |   0.0 |      16 |       0 |   0.0
        D:2 |     194 |       1 |   0.5 |      29 |       1 |   3.3
        D:3 |      87 |       2 |   2.2 |      19 |       1 |   5.0
        D:4 |     241 |     238 |  49.7 |      15 |       2 |  11.8
        D:5 |     503 |     290 |  36.6 |      14 |       1 |   6.7
    Ossuary |       0 |     339 | 100.0 |       0 |      39 | 100.0
            +---------+---------+-------+---------+---------+-------
